 Dungeon Crawl Stone Soup version 0.19.5 (webtiles) character file.

263 pps the Cutter (level 6, -3/48 HPs)
             Began as a Human Berserker on Mar 14, 2017.
             Was a Believer of Trog.
             Slain by a worker ant (6 damage)
             ... on level 2 of the Dungeon.
             The game lasted 00:12:37 (2064 turns).

pps the Cutter (Human Berserker)                    Turns: 2064, Time: 00:12:38

Health: -3/48      AC:  8    Str: 18    XL:     6   Next: 42%
Magic:  6/6        EV:  8    Int:  7    God:    Trog [**....]
Gold:   76         SH:  0    Dex: 14    Spells: 0 memorised, 5 levels left

rFire  . . .     SeeInvis .     r - +4 scythe
rCold  . . .     Gourm    .     l - +0 chain mail
rNeg   . . .     Faith    .     (shield currently unavailable)
rPois  .         Spirit   .     (no helmet)
rElec  .         Reflect  .     (no cloak)
rCorr  .         Harm     .     (no gloves)
MR     ++...                    (no boots)
Stlth  ..........               (no amulet)
                                (no ring)
                                (no ring)

@: starving, regenerating, drained
A: no striking features
a: Berserk, Trog's Hand, Burn Spellbooks, Renounce Religion


You were on level 2 of the Dungeon.
You worshipped Trog.
Trog was pleased with you.
You were starving.

You visited 1 branch of the dungeon, and saw 4 of its levels.

You collected 76 gold pieces.

Inventory:

Hand Weapons
 a - a +0 short sword
 n - a +2 spear of venom
 o - a +0 dagger
 r - a +4 scythe (weapon)
 u - a +0 dagger
 v - a +3 quarterstaff of chaos
 x - a +0 dagger
 A - a +0 dagger
 B - a +0 long sword
Missiles
 m - 15 arrows
Armour
 b - a +0 animal skin
 e - a +0 robe
 l - a +0 chain mail (worn)
 w - a +2 cloak of poison resistance
Scrolls
 g - 2 scrolls of enchant weapon
 h - 6 scrolls of identify
 i - a scroll of random uselessness {unknown}
 k - a scroll of remove curse {unknown}
 p - a scroll of amnesia {unknown}
 q - a scroll of teleportation
 y - a scroll of fear {unknown}
 z - a scroll of recharging {unknown}
Potions
 d - a potion of agility {unknown}
 f - a potion of lignification {unknown}
 j - 2 potions of might {unknown}
 s - a potion of invisibility {unknown}
 t - 2 potions of heal wounds {unknown}
 C - a potion of haste {unknown}
Comestibles
 c - a bread ration


   Skills:
 + Level 4.0 Fighting
 + Level 4.4 Short Blades
 + Level 1.6(1.5) Polearms
 + Level 2.6(2.5) Armour
 + Level 3.1(3.0) Dodging
 + Level 1.8(1.7) Stealth


You had 5 spell levels left.
You didn't know any spells.

Dungeon Overview and Level Annotations

Branches:
Dungeon (4/15)
 Temple: D:4-7

Altars:

Annotations:
D:3 Trampli's ghost, amateur HOFi


Message History

There is a stone staircase leading up here.
You feel sick.
You are no longer poisoned.
The adder barely misses you. The worker ant closely misses you.
The adder bites you but does no damage.
You climb upwards.
There is a stone staircase leading down here.
The worker ant barely misses you.
You're too hungry.
Your skin crawls.
You feel resistant to hostile enchantments.
You are starving!
You feel the effects of Trog's Hand fading.
The worker ant misses you.
You start eating the bread ration.
The worker ant bites you.
Keep eating?
* * * LOW HITPOINT WARNING * * *
You continue eating.
The worker ant bites you.
You die...

#.# #.....# #.# #.....# #####
#.# #.....# #...# #.###.....#
#...###### #.........#
#...#....# #.........#
#..†#....# #.........#
#...#....#
#.........#######÷..#)...#
#.....÷.>.Sa@............#
#.....##.########...#.#######
#.....##.....................
#.##########......##...######
#.# #......##....# #.#
################....##### #.#
#.....)...# ####...... #.#
#.#######.# #.##### #.#
#.#.....#.# #..## #


You could see a worker ant and an adder.

Vanquished Creatures
  Sigmund (D:2)
  Crazy Yiuf (D:2)
  A gnoll (D:1)
  2 adders (D:2)
  3 dart slugs (D:1)
  3 leopard geckos
  8 bats
  A giant cockroach (D:3)
  7 goblins
  5 hobgoblins
  A ball python (D:2)
  5 frilled lizards
  2 kobolds
  10 rats
50 creatures vanquished.

Notes
Turn   | Place    | Note
-------+----------+-------------------------------------------
     0 | D:1      | pps the Human Berserker began the quest for the Orb.
     0 | D:1      | Reached XP level 1. HP: 18/18 MP: 1/1
   136 | D:1      | Reached XP level 2. HP: 14/24 MP: 2/2
   333 | D:1      | Reached XP level 3. HP: 22/29 MP: 3/3
  1084 | D:2      | Noticed Sigmund
  1098 | D:2      | Killed Sigmund
  1098 | D:2      | Reached skill level 1 in Polearms
  1098 | D:2      | Reached skill level 1 in Stealth
  1098 | D:2      | Reached XP level 4. HP: 37/37 MP: 4/4
  1098 | D:2      | Reached XP level 5. HP: 42/42 MP: 5/5
  1098 | D:2      | Reached XP level 6. HP: 48/48 MP: 6/6
  1267 | D:2      | Reached ** piety under Trog
  1345 | D:2      | Found a runed door.
  1349 | D:2      | Noticed Crazy Yiuf
  1356 | D:2      | Killed Crazy Yiuf
  2007 | D:3      | Noticed Trampli's ghost (amateur HOFi)
  2055 | D:3      | HP: 2/48 [worker ant (1)]
  2063 | D:2      | HP: 2/48 [worker ant (3)]
  2064 | D:2      | Slain by a worker ant

Skill      XL: |  1  2  3 |
---------------+----------+-----
Fighting       | 4 |  4.0
Short Blades   | 4 |  4.4
Polearms       | 1 |  1.6
Dodging        | 3 |  3.1
Stealth        | 1 |  1.8
Armour         | |  2.6

Action                   |  1- 3 |  4- 6 || total
-------------------------+-------+-------++-------
Melee: Short sword       |    68 |       ||    68
       Spear             |    12 |       ||    12
       Scythe            |       |    61 ||    61
Invok: Trog's Hand       |       |     1 ||     1
  Use: Scroll            |       |     3 ||     3
 Stab: Sleeping          |     2 |       ||     2
  Eat: Chunk             |       |     2 ||     2
Armor: Robe              |    10 |       ||    10
       Chain mail        |     4 |    55 ||    59
Dodge: Dodged            |    41 |    54 ||    95
